 Dungeon Crawl Stone Soup version 0.30.1-9-gdf580d7c3d (webtiles) character file.

Game seed: 11450357139594201288

56 Woods the Ruffian (level 3, 0/31 HPs)
             Began as a Naga Transmuter on Oct 19, 2023.
             Slain by a goblin
             ... wielding a +0 dagger
             ... led by Robin
              (3 damage)
             ... on level 3 of the Dungeon.
             The game lasted 00:03:38 (2258 turns).

Woods the Ruffian (Naga Transmuter)                 Turns: 2258, Time: 00:03:39

Health: 0/31       AC:  2    Str: 12    XL:     3   Next: 95%
Magic:  5/6        EV: 10    Int: 15    God:
Gold:   143        SH:  0    Dex: 11    Spells: 3/6 levels left

rFire   . .          .
                       - Unarmed
rCold   . . .        (no shield)
rNeg    . . .        a - +0 robe
rPois   +            (no helmet)
rElec   .            (no cloak)
rCorr   .            (no gloves)
SInv    +            (no barding)
Will    .....        (no amulet)
Stlth   ++           (no ring)
HPRegen 0.25/turn    (no ring)
MPRegen 0.10/turn

%: no passive effects
@: wereblooded, very slow
A: AC +1, large, see invisible, deformed body, poison resistance, slowness 2,
spit poison 1, naga tail 1
a: Spit Poison


You were on level 3 of the Dungeon.
You visited 1 branch of the dungeon, and saw 3 of its levels.

You collected 143 gold pieces.

Inventory:

Hand Weapons
 i - the +3 mace "Xuduenwa" {protect, rC+ Dex+3}
   (You found it on level 2 of the Dungeon)

   Dex:       It affects your dexterity (+3).
   rC:        It protects you from cold.
Armour
 a - a +0 robe (worn)
Jewellery
 c - a ring of ice
Scrolls
 e - 2 scrolls of enchant armour {unknown}
 g - 2 scrolls of identify {unknown}
 m - a scroll of poison {unknown}
 n - a scroll of magic mapping {unknown}
Potions
 b - 2 potions of lignification
 d - a potion of curing {unknown}
 f - 2 potions of degeneration {unknown}
 h - 3 potions of brilliance {unknown}
 j - a potion of berserk rage {unknown}
 k - a potion of magic {unknown}
 l - a potion of invisibility {unknown}


   Skills:
 + Level 1.6 Fighting
 + Level 2.0 Dodging
 + Level 1.9 Stealth
 + Level 3.2 Unarmed Combat
 + Level 2.4 Spellcasting
 + Level 2.4 Transmutations


You had 3 spell levels left.
You knew the following spells:

 Your Spells              Type           Power      Damage    Failure   Level
a - Beastly Appendage     Tmut           18%        N/A       8%          1
b - Wereblood             Tmut           9%         N/A       12%         2

Your spell library contained the following spells:

 Spells                   Type           Power      Damage    Failure   Level
 Sting                    Tmut/Pois      20%        1d4       13%         1
 Poisonous Vapours        Pois/Air       2%         N/A       32%         2
 Spider Form              Tmut/Pois      5%         N/A       36%         3
 Mephitic Cloud           Conj/Pois/Air  1%         N/A       54%         3
 Ice Form                 Ice/Tmut       5%         N/A       78%         4
 Olgreb's Toxic Radiance  Pois           1%         N/A       91%         4
 Freezing Cloud           Conj/Ice/Air   0%         6-21      99%         5


Dungeon Overview and Level Annotations

Branches:
Dungeon (3/15)

Altars:

Annotations:
D:3 Robin


Innate Abilities, Weirdness & Mutations

Your serpentine skin is tough. (AC +1)
You have supernaturally acute eyesight. (SInv)
Armour fits poorly on your strangely shaped body.
Your system is resistant to poisons. (rPois)
You cover ground very slowly.
You can spit poison.
You have a snake-like lower body.


Message History

The goblin hits you with a +0 club.
You closely miss the goblin.
The goblin is severely wounded.
Your horns disappear.
Robin says, "My army is invincible!"
The goblin barely misses you.
You barely miss the goblin.
The goblin is severely wounded.
The goblin hits you but does no damage.
You hit the goblin.
You feel a bit better.
You kill the goblin!
You hit the hobgoblin.
The hobgoblin is almost dead.
The hobgoblin closely misses you. Robin throws the goblin at you!
The goblin completely misses you.
You closely miss the hobgoblin.
The hobgoblin is almost dead.
Robin throws the goblin at you! The hobgoblin closely misses you.
The goblin hits you with a +0 dagger.
You closely miss the goblin.
You howl as the wereblood boils in your veins!
The hobgoblin misses you. The goblin hits you with a +0 club.
The goblin hits you with a +0 dagger.
You barely miss the goblin. The goblin barely misses you.
Robin throws the goblin at you! The hobgoblin hits you.
The goblin barely misses you. The goblin hits you with a +0 dagger.
You hit the goblin.
The goblin is moderately wounded.
The goblin hits you with a +0 club.
* * * LOW HITPOINT WARNING * * *
The hobgoblin misses you. The goblin misses you. x2
Unknown command.
You hit the hobgoblin but do no damage.
The hobgoblin is almost dead.
The goblin hits you with a +0 club.
* * * LOW HITPOINT WARNING * * *
The hobgoblin hits you.
* * * LOW HITPOINT WARNING * * *
The goblin hits you but does no damage. The goblin hits you with a +0 dagger.
You die...

#....# #....#
#....## #.....#
#..g..###
#.ggg.).## #gg#
..# ##g# ..
##@#.###
##ggg...#
##..####..#
##...........
####.........##
#..............
#...#........##
#...#######.##
#>....# .(.


You could see Robin, 4 hobgoblins and 5 goblins.

Vanquished Creatures
  3 dart slugs
  4 endoplasms
  A giant cockroach (D:1)
  5 goblins
  2 hobgoblins
  4 jackals (D:1)
  8 kobolds
  3 quokkas
  4 ball pythons
  5 bats
  A frilled lizard (D:1)
  4 rats
44 creatures vanquished.

Notes
Turn   | Place    | Note
-------+----------+-------------------------------------------
     0 | D:1      | Woods the Naga Transmuter began the quest for the Orb.
     0 | D:1      | Reached XP level 1. HP: 18/18 MP: 3/3
   149 | D:1      | Reached XP level 2. HP: 18/25 MP: 3/5
   222 | D:1      | Reached skill level 1 in Stealth
   581 | D:1      | You fall into a shaft and drop 1 floor!
   769 | D:2      | Learned a level 2 spell: Wereblood
   788 | D:2      | Reached XP level 3. HP: 27/31 MP: 4/6
  1001 | D:2      | Identified the +3 mace "Xuduenwa" {protect, rC+ Dex+3}
  2245 | D:3      | Noticed Robin
  2258 | D:3      | Slain by a goblin

Illustrated notes

Levels and vault maps discovered:
D:1:      dpeg_arrival_arbitrary_c, layout_loops_ring, chequers_avenue,
          chequers_serial_rivers_micro_e, grunt_decor_resistance,
          minmay_misc_feat_hallway, minmay_distorted
D:2:      layout_basic
D:3:      layout_rooms, grunt_temple_overflow_order_and_chaos_2,
          overflow_temple_1_default, uniq_robin

Skill      XL: |  1  2  3 |
---------------+----------+-----
Stealth        | 1 |  1.9
Dodging        | 2 |  2.0
Fighting       | |  1.6
Unarmed Combat | |  3.2
Spellcasting   | |  2.4
Transmutations | |  2.4

Action                     || total
---------------------------++-------
  Melee: Unarmed           ||   147
         Headbutt          ||    11
         Punch             ||     4
   Cast: Beastly Appendage ||    31
         Wereblood         ||     1
Ability: Spit Poison       ||    11
   Stab: Sleeping          ||     1
 Armour: Robe              ||    49
  Dodge: Dodged            ||   101
